 Dungeon Crawl Stone Soup version 0.30-a0-728-gc68057be0a (webtiles) character file.

Game seed: 1654605602258864150

882 scionoferis the Ducker (level 7, 0/57 HPs)
             Began as a Demigod Hexslinger on Jan 30, 2023.
             Slain by a water moccasin zombie (4 damage)
             ... in an ossuary on Jan 31, 2023.
             The game lasted 00:14:25 (3732 turns).

scionoferis the Ducker (Demigod Hexslinger)         Turns: 3732, Time: 00:14:26

Health: 0/57       AC:  6    Str:  7 (9)  XL:     7   Next: 47%
Magic:  20/20      EV: 15    Int: 17 (20) God:
Gold:   319        SH:  5    Dex: 20 (22) Spells: 7/8 levels left

rFire   + . .      SeeInvis .    a - +0 long sword
rCold   . . .      Faith    .    (no shield)
rNeg    . . .      Spirit   .    c - +0 robe
rPois   .          Reflect  +    z - +0 helmet
rElec   .          Harm     .    (no cloak)
rCorr   +          Rampage  .    y - +1 pair of gloves of Parsimonious Life {MP+9 Str-2 Int+5}
Will    .....                    e - +0 pair of boots
Stlth   +++                      w - amulet of reflection
HPRegen 0.29/turn                t - ring of protection from fire
MPRegen 0.17/turn                A - ring of resist corrosion

@: mighty
A: high MP 1, forlorn, divine attributes
a: no special abilities


You were in an ossuary.
You visited 1 branch of the dungeon, and saw 5 of its levels.
You also visited: Ossuary.

You collected 319 gold pieces.


Innate Abilities, Weirdness & Mutations

You have an increased reservoir of magic. (+10% MP)
You shall have no god before yourself.
Your divine heritage dramatically boosts your attributes as you level up.


   Skills:
 + Level 3.3 Fighting
 * Level 4.1 Long Blades
 - Level 1.7 Ranged Weapons
 * Level 5.0 Dodging
 + Level 3.3 Stealth
 - Level 1.0 Spellcasting
 - Level 2.6 Hexes


You had 7 spell levels left.
You knew the following spells:

 Your Spells              Type           Power      Damage    Failure   Level
a - Slow                  Hex            36%        N/A       7%          1

Your spell library contained the following spells:

 Spells                   Type           Power      Damage    Failure   Level
 Necrotise                Necr           0%         1d4       22%         1
 Cigotuvi's Dreadful Rot  Necr/Pois/Air  0%         N/A       32%         2
 Poisonous Vapours        Pois/Air       0%         N/A       32%         2
 Inner Flame              Hex/Fire       5%         N/A       36%         3
 Portal Projectile        Hex/Tloc       10%        N/A       36%         3
 Mephitic Cloud           Conj/Pois/Air  0%         N/A       54%         3
 Vampiric Draining        Necr           0%         2d6       54%         3
 Cause Fear               Hex            4%         N/A       56%         4
 Agony                    Necr           0%         N/A       99%         5

Inventory:

Hand Weapons
 a - a +0 long sword (weapon)
   (You found it on level 2 of the Dungeon)
 b - a +1 sling
 d - a +0 dagger
   (You took it off a goblin on level 1 of the Dungeon)
Missiles
 o - 13 poisoned darts (quivered)
Armour
 c - a +0 robe (worn)
 e - a +0 pair of boots (worn)
   (You found it on level 1 of the Dungeon)
 y - the +1 pair of gloves of Parsimonious Life (worn) {MP+9 Str-2 Int+5}
   (You found it on level 4 of the Dungeon)

   Str:       It affects your strength (-2).
   Int:       It affects your intelligence (+5).
   MP:        It affects your magic capacity (+9).
 z - a +0 helmet (worn)
   (You found it on level 4 of the Dungeon)
Jewellery
 t - a ring of protection from fire (left hand)
   (You found it on level 3 of the Dungeon)
 w - an amulet of reflection (around neck)
   (You found it on level 3 of the Dungeon)
 A - a ring of resist corrosion (right hand)
   (You found it on level 4 of the Dungeon)
Wands
 q - a wand of digging (1)
   (You took it off Ijyb on level 1 of the Dungeon)
Scrolls
 h - 2 scrolls of amnesia
 j - 2 scrolls of magic mapping
 k - a scroll of teleportation
 l - a scroll of torment
 m - a scroll of blinking
 n - 3 scrolls of poison
 p - a scroll of immolation
 u - 2 scrolls of enchant weapon {unknown}
 x - a scroll of enchant armour
Potions
 g - 2 potions of degeneration
 v - a potion of might

Dungeon Overview and Level Annotations

Branches:
Dungeon (5/15)             Temple (0/1) D:5         Ossuary (1/1)

Shops:
D:4 =

Annotations:
D:4 3 runed translucent doors, jimonade's ghost, novice VSBr

# #≈ #####
~≈#
#∩..#~..M#
#.∩.~~##Z##
#...#ZZ@~≈#
#####~#####
~. #+


You could see a mummy (wandering), a water moccasin zombie, a killer bee zombie
and a howler monkey zombie.


Message History

b - a +1 sling (weapon)
There is an open door here.
You open the door.
There is an open door here.
x - a scroll labelled QOSCHE SAHO
y - a scroll of identify
As you read the scroll of identify, it crumbles to dust.
p - a scroll of immolation You open the door.
Found a ring mail.
There is an open door here.
You open the door.
A hobgoblin comes into view.
Found a scroll of poison.
You shoot a sling bullet. The sling bullet hits the hobgoblin!
You kill the hobgoblin!
There is an open door here.
n - 3 scrolls of poison (gained 1)
o - 13 poisoned darts (gained 4)
Found a robe.
You open the door.
Jimonade's ghost turns its malevolent gaze towards you.
You hear an angry hiss.
Jimonade's ghost whispers, "The ORB doesn't exist."
You open the door.
There is an open door here.
You open the door.
There is an open door here.
You open the door.
A hound comes into view.
The hound barks!
The hound moves out of view.
Found an escape hatch in the ceiling.
The hound closely misses you.
a - a +0 long sword (weapon)
The hound barely misses you.
You barely miss the hound. The hound bites you.
You barely miss the hound. The hound misses you. The hound bites you.
You closely miss the hound. The hound bites you. x2
You hit the hound but do no damage. The hound completely misses you.
The hound bites you.
You hit the hound.
The hound is moderately wounded.
You block the hound's attack. The hound closely misses you.
You miss the hound.
The hound is moderately wounded.
The hound bites you. The hound barely misses you.
You closely miss the hound.
The hound is moderately wounded.
The hound bites you but does no damage. The hound barely misses you.
You barely miss the hound.
The hound is moderately wounded.
The hound closely misses you. The hound barely misses you.
You closely miss the hound.
The hound is moderately wounded.
You block the hound's attack. The hound barely misses you.
You hit the hound but do no damage.
The hound is moderately wounded.
The hound misses you. The hound bites you.
You barely miss the hound.
The hound is moderately wounded.
The hound misses you. The hound bites you.
You barely miss the hound.
The hound is moderately wounded.
The hound bites you.
You are too injured to fight recklessly!
You are too injured to fight recklessly!
You miss the hound.
The hound is moderately wounded.
The hound closely misses you. The hound misses you.
You hit the hound but do no damage.
The hound is moderately wounded.
The hound barely misses you. The hound bites you.
You barely miss the hound.
The hound is moderately wounded.
The hound bites you. The hound closely misses you.
You slash the hound!
The hound is almost dead.
You block the hound's attack. The hound barely misses you.
You hit the hound but do no damage.
The hound is almost dead.
The hound bites you but does no damage. x2
You closely miss the hound.
The hound is almost dead.
The hound closely misses you. The hound bites you.
You hit the hound.
You kill the hound!
b - a +1 sling (weapon)
There is an open door here.
There is an escape hatch in the ceiling here.
You start resting.
HP restored.
A quokka comes into view.
You shoot a sling bullet. The sling bullet hits the quokka.
The quokka is almost dead.
You shoot a sling bullet.
The sling bullet closely misses the quokka.
You shoot a sling bullet. The sling bullet hits the quokka!
You kill the quokka!
a - a +0 long sword (weapon)
b - a +1 sling (weapon)
You see here a quokka corpse.
An endoplasm comes into view.
You shoot a sling bullet. The sling bullet hits the endoplasm.
The endoplasm quivers.
The endoplasm is almost dead.
You shoot a sling bullet.
The sling bullet hits the endoplasm but does no damage.
The endoplasm is almost dead.
You shoot a sling bullet. The sling bullet hits the endoplasm!
You kill the endoplasm!
Found a robe.
No target in view!
You open the door.
There is an open door here.
You open the door. 3 goblins come into view.
The goblin shouts!
There is an open door here.
a - a +0 long sword (weapon)
The goblin hits you with a +0 dagger.
You closely miss the goblin. The goblin hits you with a +0 dagger.
You hit the goblin.
The goblin is heavily wounded.
The goblin hits you with a +0 dagger.
You closely miss the goblin.
The goblin is heavily wounded.
The goblin hits you but does no damage.
You hit the goblin.
You kill the goblin!
The goblin closely misses you.
You barely miss the goblin. You block the goblin's attack.
You hit the goblin.
The goblin is moderately wounded.
The goblin completely misses you.
You barely miss the goblin.
The goblin is moderately wounded.
The goblin misses you.
You hit the goblin.
You kill the goblin!
The goblin hits you with a +0 dagger.
You slash the goblin!
You kill the goblin!
You swing at nothing.
Items here: ))) ††.
b - a +1 sling (weapon)
The hobgoblin shouts! x3; You hear a shout!
A hobgoblin comes into view.
There is an open door here.
Items here: ))) ††.
There is an open door here.
a - a +0 long sword (weapon)
You closely miss the hobgoblin. The hobgoblin closely misses you.
You slash the hobgoblin!
You kill the hobgoblin!
You hit the hobgoblin.
You kill the hobgoblin!
You hit the hobgoblin.
The hobgoblin is lightly wounded.
The hobgoblin misses you.
You slash the hobgoblin!
You kill the hobgoblin!
You hit the hobgoblin but do no damage. The hobgoblin hits you.
You hit the hobgoblin but do no damage. The hobgoblin closely misses you.
The hobgoblin hits you.
You hit the hobgoblin.
You kill the hobgoblin!
You swing at nothing.
You start resting.
HP restored.
Items here: ))) ††.
There is an open door here.
The goblin shouts! x2; You hear a shout!
A goblin opens the door.
A goblin comes into view. It is wielding a +0 dagger.
The goblin unwields a +0 dagger.
The goblin wields a +0 sling.
The goblin shoots a sling bullet.
The sling bullet hits you but does no damage.
There is an open door here.
Items here: ))) ††.
There is an open door, spattered with blood here.
You swing at nothing.
You hit the goblin but do no damage. The goblin barely misses you.
The goblin completely misses you.
You hit the goblin.
The goblin is severely wounded.
The goblin hits you with a +0 dagger.
You closely miss the goblin.
The goblin is severely wounded.
The goblin closely misses you.
You slash the goblin!
You kill the goblin!
You block the goblin's attack.
You slash the goblin!
You kill the goblin!
The goblin shoots a sling bullet.
The sling bullet closely misses you.
The goblin shoots a sling bullet.
The sling bullet misses you.
You swing at nothing.
The goblin shoots a sling bullet.
The sling bullet barely misses you.
You swing at nothing.
The goblin shoots a sling bullet.
You reflect the sling bullet off an invisible shield around you!
The sling bullet closely misses the goblin.
You swing at nothing.
The goblin unwields a +0 sling.
The goblin wields a +0 dagger.
The goblin misses you.
You miss the goblin. The goblin hits you but does no damage.
You barely miss the goblin. The goblin hits you with a +0 dagger.
You hit the goblin.
The goblin is moderately wounded.
The goblin hits you but does no damage.
You slash the goblin!
You kill the goblin!
Items here: )))))))) †††††.
There is an open door, spattered with blood here.
You open the door.
Found a stone staircase leading down.
b - a +1 sling (weapon)
There is an open door here.
There is an open door here.
You open the door.
A hobgoblin comes into view.
Found a short sword.
You shoot a sling bullet. The sling bullet hits the hobgoblin.
The hobgoblin shouts!
The hobgoblin is severely wounded.
You shoot a sling bullet.
The sling bullet hits the hobgoblin but does no damage.
The hobgoblin is severely wounded.
An orc comes into view. It is wielding a +0 dagger.
An adder comes into view.
You shoot a sling bullet. The adder hisses angrily.
The orc shouts!
The sling bullet hits the hobgoblin but does no damage.
The hobgoblin is severely wounded.
You shoot a sling bullet. The sling bullet hits the hobgoblin.
You kill the hobgoblin!
You shoot a sling bullet. The sling bullet hits the orc.
The orc is severely wounded.
You shoot a sling bullet. The sling bullet hits the orc.
You kill the orc!
a - a +0 long sword (weapon)
You closely miss the adder. The adder bites you. x2
You barely miss the adder. The adder bites you.
You slash the adder!
You kill the adder!
No target in view!
No target in view!
b - a +1 sling (weapon)
There is an open door, spattered with blood here.
Things that are here:
a +0 dagger; an orc corpse You now have 227 gold pieces (gained 10).
You open the door.
There is an open door here.
There is an open door here.
Found an escape hatch in the floor.
Found a stone staircase leading down.
You see here the +1 pair of gloves of Parsimonious Life {MP+9 Str-2 Int+5}.
y - the +1 pair of gloves of Parsimonious Life {MP+9 Str-2 Int+5} You start putting on your armour.
You continue putting on the +1 pair of gloves of Parsimonious Life {MP+9 Str-2 Int+5}. x4
You finish putting on the +1 pair of gloves of Parsimonious Life {MP+9 Str-2 Int+5}.
You feel weaker.
You feel clever.
Magic restored.
A necrophage comes into view.
You shoot a sling bullet. The sling bullet hits the necrophage!
The necrophage is moderately damaged.
You shoot a sling bullet. The sling bullet hits the necrophage.
The necrophage is heavily damaged.
You shoot a sling bullet. The sling bullet hits the necrophage.
The necrophage is severely damaged.
You shoot a sling bullet. The sling bullet hits the necrophage!
The necrophage is almost destroyed.
You shoot a sling bullet.
The sling bullet closely misses the necrophage.
The necrophage hits you.
You feel drained.
a - a +0 long sword (weapon)
You barely miss the necrophage.
The necrophage is almost destroyed.
The necrophage closely misses you.
You completely miss the necrophage.
The necrophage is almost destroyed.
The necrophage misses you. The necrophage barely misses you.
You slash the necrophage!
You destroy the necrophage!
Your life force feels restored.
Your Dodging skill increases to level 4!
You have reached level 6!
Your experience leads to a dramatic increase in your attributes!
Your base attributes are Str 11, Int 15, Dex 18.
Increase (S)trength, (I)ntelligence, or (D)exterity?
You feel agile. x4
b - a +1 sling (weapon)
An adder comes into view.
You shoot a sling bullet. The sling bullet hits the adder!
The adder is severely wounded.
You shoot a sling bullet. The sling bullet hits the adder!
You kill the adder!
A hobgoblin comes into view.
Found a helmet.
You shoot a sling bullet. The sling bullet hits the hobgoblin!
You kill the hobgoblin!
You see here a +0 helmet.
z - a +0 helmet You start putting on your armour.
You continue putting on your +0 helmet. x4
You finish putting on your +0 helmet.
j - 3 scrolls of magic mapping (gained 1)
You open the door.
A ball python comes into view.
The ball python hisses angrily.
Unknown command.
You shoot a sling bullet.
The sling bullet barely misses the ball python.
You shoot a sling bullet. The sling bullet hits the ball python.
You kill the ball python!
No target in view!
There is an open door here.
A ball python comes into view.
You shoot a sling bullet. The sling bullet hits the ball python!
You kill the ball python!
No target in view!
A - a ring of resist corrosion
A - a ring of resist corrosion (right hand)
You open the door.
There is an open door here.
There is an open door here.
A ball python comes into view.
You shoot a sling bullet. The sling bullet hits the ball python.
The ball python hisses angrily.
The ball python is severely wounded.
You shoot a sling bullet.
The sling bullet barely misses the ball python.
You shoot a sling bullet.
The sling bullet barely misses the ball python.
You shoot a sling bullet.
The sling bullet barely misses the ball python.
a - a +0 long sword (weapon)
The ball python closely misses you. The ball python grabs you.
The ball python constricts you.
You slash the ball python!
You kill the ball python!
No target in view!
b - a +1 sling (weapon)
A scorpion comes into view.
You shoot a sling bullet. The sling bullet hits the scorpion.
The scorpion is moderately wounded.
You shoot a sling bullet.
The sling bullet completely misses the scorpion.
You shoot a sling bullet.
The sling bullet closely misses the scorpion.
a - a +0 long sword (weapon)
Throw: 13 darts (poison)
Press: ? - help, Q - select action, (/) - cycle Shift-Dir - straight line, f/p - scorpion
Aim: a scorpion (moderately wounded, 64% to hit)
You throw a poisoned dart. The poisoned dart hits the scorpion.
The scorpion is poisoned.
The scorpion is moderately wounded.
You hit the scorpion.
The scorpion is severely wounded.
The scorpion misses you. You block the scorpion's attack.
You hit the scorpion but do no damage.
The scorpion is almost dead.
You kill the scorpion!
Your Long Blades skill increases to level 3!
b - a +1 sling (weapon)
o - 13 poisoned darts (gained 1)
You open the door.
There is an open door here.
You open the door.
There is an open door here.
There is an open door here.
There is an open door here.
You open the door.
Found a mace.
There is an open door here.
v - 2 green potions (gained 1)
You open the door.
There is an open door here.
There is an open door, spattered with blood here.
Items here: )))))))).
There is an open door here.
You open the door.
There is an open door here.
You now have 238 gold pieces (gained 11).
You now have 252 gold pieces (gained 14).
You now have 265 gold pieces (gained 13).
You now have 281 gold pieces (gained 16).
There is an open door here.
There is an open door here.
Items here: )))))))).
There is an open door, spattered with blood here.
You now have 296 gold pieces (gained 15).
You now have 304 gold pieces (gained 8).
A hobgoblin comes into view.
The hobgoblin shouts!
a - a +0 long sword (weapon)
You hit the hobgoblin.
The hobgoblin is severely wounded.
The hobgoblin barely misses you.
You slash the hobgoblin!
You kill the hobgoblin!
No target in view!
b - a +1 sling (weapon)
You see here a hobgoblin corpse.
Found a stone staircase leading up.
A necrophage comes into view.
a - a +0 long sword (weapon)
d - a +0 dagger (weapon)
The helpless necrophage fails to defend itself.
You puncture the necrophage!
The necrophage is heavily damaged.
The necrophage hits you.
a - a +0 long sword (weapon)
The necrophage closely misses you.
You closely miss the necrophage.
The necrophage is heavily damaged.
The necrophage hits you.
You hit the necrophage.
The necrophage is severely damaged.
The necrophage closely misses you.
You hit the necrophage.
The necrophage is severely damaged.
You block the necrophage's attack.
You hit the necrophage but do no damage.
The necrophage is severely damaged.
The necrophage closely misses you.
You slash the necrophage!
You destroy the necrophage!
No target in view!
b - a +1 sling (weapon)
You see here a necrophage corpse.
You open the door.
Found a stone staircase leading down.
There is an open door here.
There is an open door here.
The jackal barks!
You hear an angry hiss.
You hear a howl!
There is an open door here.
There is an open door here.
There is an open door here.
There is an open door here.
There is an open door here.
Jimonade's ghost turns its malevolent gaze towards you.
You hear an angry hiss.
The iguana hisses angrily.
Jimonade's ghost wails.
Press: ? - help, v - describe, . - travel
Here: jimonade's ghost, wielding a weapon of protection (fire blocked by a translucent stone wall)
The floor.
As you open the door, it creaks loudly!
a - a +0 long sword (weapon)
(D) Dungeon
Where to? (Enter - D:4 @ (x,y), ? - help)
There is an open door here.
There is a stone staircase leading down here.
Unknown command.
You have 304 gold pieces.
Unknown command.
Search for what [Enter for ":", or ? for help]? ring Unknown command.
You climb downwards.
You hear the hiss of flowing sand.
There is an entrance to an ossuary on this level.
Hurry and find it before the portal is buried!
There is a stone staircase leading up here.
d - a +0 dagger (weapon)
The helpless orc fails to defend itself.
You impale the orc!!
You kill the orc!
The helpless orc fails to defend itself.
You impale the orc!!
You kill the orc!
Found 7 gold pieces.
An orc comes into view. It is wielding a +0 war axe.
The helpless orc fails to defend itself.
You impale the orc!!
You kill the orc!
a - a +0 long sword (weapon)
b - a +1 sling (weapon)
You shoot a sling bullet. The orc shouts!
The sling bullet hits the orc.
The orc is almost dead.
You shoot a sling bullet.
The sling bullet closely misses the orc.
An orc wizard comes into view. It is wielding a +0 dagger.
You shoot a sling bullet. The sling bullet barely misses the orc.
The orc wizard shouts!
An orc comes into view. It is wielding a +0 flail.
a - a +0 long sword (weapon)
You completely miss the orc.
The orc is almost dead.
The orc barely misses you.
You hit the orc.
You kill the orc!
Throw: 13 darts (poison)
Press: ? - help, Q - select action, (/) - cycle Shift-Dir - straight line, f - orc wizard
Aim: an orc wizard, wielding a +0 dagger and wearing a +0 robe (58% to hit)
You throw a poisoned dart. The poisoned dart hits the orc wizard.
You closely miss the orc wizard.
The orc wizard hits you but does no damage.
You hit the orc wizard.
The orc wizard is lightly wounded.
The orc wizard mumbles some strange words.
The orc wizard flickers and vanishes!
Deactivating autopickup; reactivate with Ctrl-A.
You closely miss something. Something hits you but does no damage.
You hit something.
You hear some strange, mumbled words.
A magic dart appears from out of thin air!
The magic dart hits you.
You hit something but do no damage. Something hits you but does no damage.
Something hits you.
You miss something. Something hits you.
You hit something. Something hits you but does no damage.
You miss something. Something hits you.
You miss something. Something hits you. x2
You closely miss something. Something hits you but does no damage.
You barely miss something. You block something's attack.
You miss something.
You hear some strange, mumbled words.
A puff of flame appears from out of thin air!
The puff of flame hits you. You resist.
You barely miss something.
You hear some strange, mumbled words.
Something tries to affect you, but you resist.
You barely miss something.
You hear some strange, mumbled words.
A puff of flame appears from out of thin air!
The puff of flame hits you. You resist. Something hits you but does no damage.
You hit something but do no damage. Something hits you.
You barely miss something. You punch something.
Something hits you but does no damage.
You hit something but do no damage. Something hits you but does no damage.
You hit something.
Reactivating autopickup.
You feel a bit more experienced.
Items here: )) [[ †.
o - 13 poisoned darts (gained 1)
Things that are here:
a +0 short sword; a +0 leather armour; an orc corpse You now have 311 gold pieces (gained 7).
As you read the scroll of magic mapping, it crumbles to dust.
You feel aware of your surroundings.
You sensed 1 altar, and 1 shop/portal.
Things that are here:
a +0 short sword; a +0 leather armour; an orc corpse
Items here: )) [[ †.
Things that are here:
a +0 dagger; an orc corpse
There is a stone staircase leading up here.
Found a stone staircase leading up.
You hear the slow hiss of a distant avalanche of sand.
Found a scroll of identify.
Found a scroll of amnesia.
Found a scroll of identify.
Found a stone staircase leading up.
B - a scroll of identify
As you read the scroll of identify, it crumbles to dust.
x - a scroll of enchant armour
h - 2 scrolls of amnesia (gained 1)
Found a hand axe.
A gnoll comes into view. It is wielding a +0 spear.
The gnoll shouts!
A gnoll sergeant comes into view. It is wielding a +1 trident of flaming.
A gnoll comes into view. It is wielding a +0 whip.
A gnoll comes into view. It is wielding a +0 whip.
The gnoll moves out of view.
You block the gnoll's attack.
A gnoll comes into view. It is wielding a +0 whip.
You barely miss the gnoll. The gnoll barely misses you.
You block the gnoll's attack.
You hit the gnoll.
The gnoll is heavily wounded.
The gnoll hits you with a +0 spear.
You slash the gnoll!
You kill the gnoll!
You completely miss the gnoll. The gnoll barely misses you.
You closely miss the gnoll. The gnoll hits you with a +0 whip.
You block the gnoll's attack.
You completely miss the gnoll. The gnoll barely misses you.
You closely miss the gnoll. The gnoll closely misses you.
You hit the gnoll.
The gnoll is lightly wounded.
The gnoll hits you but does no damage.
You closely miss the gnoll.
The gnoll is lightly wounded.
You block the gnoll's attack. x2
You hit the gnoll.
The gnoll is moderately wounded.
The gnoll misses you.
You hit the gnoll but do no damage.
The gnoll is moderately wounded.
The gnoll misses you.
You hit the gnoll but do no damage.
The gnoll is moderately wounded.
The gnoll hits you with a +0 whip.
You slash the gnoll!
You kill the gnoll!
You hit the gnoll.
The gnoll is lightly wounded.
The gnoll completely misses you. The gnoll hits you but does no damage.
You slash the gnoll!
You kill the gnoll!
You now have 319 gold pieces (gained 8).
Items here: ))) ††.
An adder comes into view.
The adder hisses angrily.
You see here a +0 hand axe.
Items here: ))) ††.
You hear the slow hiss of an avalanche of sand nearby.
Blork the orc comes into view.
He is wielding a +0 short sword.
You completely miss the adder. The adder bites you but does no damage.
The adder closely misses you.
You slash the adder!
The adder is almost dead.
The adder closely misses you.
You miss the adder.
The adder is almost dead.
The adder bites you. The adder completely misses you.
You hit the adder but do no damage.
The adder is almost dead.
Blork the orc shouts!
The adder bites you but does no damage.
Blork the orc gestures at you while chanting.
The magic dart hits you.
You slash the adder!
You kill the adder!
An ogre comes into view. It is wielding a +0 giant club.
Unknown command.
You start resting.
Blork the orc is nearby!
Throw: throwing net
Press: ? - help, Q - select action, (/) - cycle Shift-Dir - straight line, f - Blork the orc
Aim: Blork the orc, wielding a +0 short sword and wearing a +0 robe (68% to hit)
You throw a throwing net.
The throwing net closely misses Blork the orc.
Blork the orc gestures at you while chanting.
The puff of flame misses you. Blork the orc closely misses you.
You closely miss Blork the orc.
Blork the orc casts a spell.
Blork the orc seems to speed up.
You hit Blork the orc.
Blork the orc is lightly wounded.
Blork the orc hits you with a +0 short sword.
Blork the orc casts a spell at you. The puff of frost hits you!
You slash Blork the orc!
Blork the orc is heavily wounded.
Blork the orc completely misses you. Blork the orc barely misses you.
You slash Blork the orc!
Blork the orc is severely wounded.
Blork the orc screams, "I don't like you!"
Blork the orc hits you with a +0 short sword.
Blork the orc points at you and mumbles some strange words.
The magic dart hits you.
You hit Blork the orc.
Blork the orc is almost dead.
Blork the orc misses you.
Blork the orc hits you with a +0 short sword.
You hit Blork the orc but do no damage.
Blork the orc is almost dead.
Blork the orc hits you with a +0 short sword.
Blork the orc barely misses you.
You hit Blork the orc.
Blork the orc is almost dead.
Blork the orc hits you but does no damage.
You slash Blork the orc!
You kill Blork the orc!
Your Fighting skill increases to level 3!
You have reached level 7!
Okay, then.
Items here: ))) ††.
An iguana comes into view.
Found an ivory wand.
Found a sand-covered staircase.
You hear the slow hiss of an avalanche of sand.
The gnoll shouts!
A phantom comes into view.
There is a sand-covered staircase here.
The world spins around you as you enter the gateway.
You enter an ossuary!
Found a gate leading back out of this place.
There is an empty arch of ancient stone here.
There is a gate leading back out of this place here.
You start resting.
A bullfrog zombie comes into view.
You hit the bullfrog zombie.
The bullfrog zombie is lightly damaged.
The bullfrog zombie closely misses you.
A mummy comes into view.
The bullfrog zombie barely misses you.
You slash the bullfrog zombie!
The bullfrog zombie is severely damaged.
The bullfrog zombie hits you. x2
You slash the bullfrog zombie!
You destroy the bullfrog zombie!
A centaur zombie comes into view.
Your Stealth skill increases to level 3!
A centaur zombie comes into view.
You slash the mummy!
The mummy is heavily damaged.
You slash the mummy!
The mummy is almost destroyed.
The mummy misses you.
You hit the mummy but do no damage. You punch the mummy.
You destroy the mummy!
The centaur zombie hits you.
The centaur zombie completely misses you.
The centaur zombie closely misses you.
The centaur zombie kicks you but does no damage.
You hit the centaur zombie.
The centaur zombie is lightly damaged.
The centaur zombie barely misses you. The centaur zombie closely misses you.
You hit the centaur zombie.
The centaur zombie is moderately damaged.
The centaur zombie hits you but does no damage.
The centaur zombie kicks you but does no damage.
You block the centaur zombie's attack. x2
You slash the centaur zombie!
The centaur zombie is heavily damaged.
The centaur zombie hits you but does no damage.
The centaur zombie kicks you but does no damage.
The centaur zombie misses you.
The centaur zombie completely misses you.
You hit the centaur zombie.
The centaur zombie is severely damaged.
The centaur zombie hits you but does no damage.
The centaur zombie closely misses you.
You hit the centaur zombie.
The centaur zombie is severely damaged.
The centaur zombie hits you but does no damage.
The centaur zombie closely misses you. x2
You block the centaur zombie's attack.
You hit the centaur zombie.
The centaur zombie is severely damaged.
The centaur zombie hits you but does no damage.
The centaur zombie barely misses you. The centaur zombie closely misses you.
You block the centaur zombie's attack.
A bog mummy opens the door.
The centaur zombie hits you.
The centaur zombie kicks you but does no damage.
You hit the centaur zombie.
The centaur zombie is almost destroyed.
The centaur zombie closely misses you. The centaur zombie misses you.
The centaur zombie closely misses you. The centaur zombie misses you.
The centaur zombie hits you but does no damage.
The centaur zombie misses you.
You hit the centaur zombie but do no damage.
The centaur zombie is almost destroyed.
The centaur zombie completely misses you.
The centaur zombie kicks you but does no damage.
The centaur zombie hits you but does no damage.
The centaur zombie kicks you but does no damage.
The centaur zombie misses you. The centaur zombie closely misses you.
The centaur zombie hits you but does no damage.
You block the centaur zombie's attack.
You hit the centaur zombie.
The centaur zombie is almost destroyed.
The centaur zombie barely misses you.
The centaur zombie closely misses you. x2
The centaur zombie completely misses you.
You hit the centaur zombie.
You destroy the centaur zombie!
The centaur zombie hits you but does no damage.
The centaur zombie closely misses you.
The centaur zombie hits you but does no damage.
You block the centaur zombie's attack.
You hit the centaur zombie.
The centaur zombie is lightly damaged.
The centaur zombie barely misses you.
The centaur zombie kicks you but does no damage.
The centaur zombie hits you. The centaur zombie closely misses you.
You hit the centaur zombie.
The centaur zombie is moderately damaged.
The centaur zombie barely misses you.
The centaur zombie kicks you but does no damage.
You barely miss the centaur zombie.
The centaur zombie is moderately damaged.
You block the centaur zombie's attack. The centaur zombie closely misses you.
The centaur zombie misses you. You block the centaur zombie's attack.
You slash the centaur zombie!
The centaur zombie is heavily damaged.
The centaur zombie misses you. You block the centaur zombie's attack.
A mummy comes into view.
You slash the centaur zombie!
The centaur zombie is severely damaged.
The centaur zombie hits you but does no damage.
The centaur zombie kicks you but does no damage.
A bullfrog zombie comes into view.
The bullfrog zombie moves out of view.
You closely miss the bog mummy. You hit the centaur zombie.
The centaur zombie is almost destroyed.
The centaur zombie misses you.
The centaur zombie kicks you but does no damage.
The centaur zombie hits you but does no damage.
The centaur zombie barely misses you.
You hit the centaur zombie.
The centaur zombie is almost destroyed.
You block the centaur zombie's attack.
The centaur zombie kicks you but does no damage.
The centaur zombie completely misses you.
The centaur zombie kicks you but does no damage.
You hit the centaur zombie.
You destroy the centaur zombie!
The bog mummy barely misses you.
You hit the bog mummy.
The bog mummy is moderately damaged.
The mummy hits you! The bog mummy hits you!
You slash the bog mummy!
The bog mummy is severely damaged.
The mummy closely misses you.
You hit the bog mummy but do no damage.
The bog mummy is severely damaged.
The bog mummy casts a spell at you.
You feel yourself slow down. You block the mummy's attack.
It was a potion of degeneration.
There was something very wrong with that liquid.
You feel weakened.
You feel dopey.
You feel clumsy. The bog mummy closely misses you.
It was a potion of heal wounds.
You feel much better. The mummy closely misses you.
A mummy comes into view.
The bog mummy hits you.
You hit the bog mummy but do no damage.
The bog mummy is severely damaged.
The mummy misses you.
The bog mummy hits you but does no damage.
You block the bullfrog zombie's attack.
You barely miss the bog mummy.
The bog mummy is severely damaged.
The bullfrog zombie hits you. The mummy hits you!
The bullfrog zombie misses you.
The bog mummy gestures at you while chanting.
The puff of frost hits you. You block the mummy's attack.
You hit the bog mummy.
The bog mummy is almost destroyed.
The bullfrog zombie barely misses you. x2
The bog mummy points at you and mumbles some strange words.
The puff of frost hits you!
* * * LOW HITPOINT WARNING * * *
The mummy barely misses you.
The bullfrog zombie hits you but does no damage.
It was a potion of curing.
You feel better.
The bullfrog zombie hits you but does no damage.
The bog mummy gestures at you while chanting.
The puff of frost hits you. The mummy misses you.
You feel much better. The bog mummy misses you.
Unknown command.
Blink to where?
Press: ? - help, Dir - move target A howler monkey zombie comes into view.
As you read the scroll of blinking, it crumbles to dust.
The howler monkey zombie moves out of view.
You close the door.
A bullfrog zombie comes into view.
The bullfrog zombie moves out of view.
You start resting.
A centaur zombie comes into view.
The centaur zombie hits you but does no damage.
The centaur zombie barely misses you.
You hit the centaur zombie.
The centaur zombie is lightly damaged.
You block the centaur zombie's attack.
The centaur zombie kicks you but does no damage.
You hit the centaur zombie.
The centaur zombie is moderately damaged.
The centaur zombie closely misses you. You block the centaur zombie's attack.
The centaur zombie hits you. The centaur zombie closely misses you.
You block the centaur zombie's attack. The centaur zombie kicks you.
You hit the centaur zombie.
The centaur zombie is moderately damaged.
The centaur zombie misses you. You block the centaur zombie's attack.
The centaur zombie hits you.
The centaur zombie kicks you but does no damage.
A mummy opens the door.
Okay, then.
Unknown command.
Unknown command.
It was a potion of might.
You feel very mighty all of a sudden. The centaur zombie closely misses you.
The centaur zombie misses you. You block the centaur zombie's attack.
The centaur zombie completely misses you.
A mummy comes into view.
You slash the bog mummy!
You destroy the bog mummy!
You feel yourself speed up.
A killer bee zombie comes into view.
The centaur zombie closely misses you.
You block the centaur zombie's attack. x2
The centaur zombie kicks you but does no damage.
You slash the mummy!
The mummy is moderately damaged.
The centaur zombie hits you but does no damage.
The centaur zombie kicks you.
The centaur zombie barely misses you. x2
The mummy closely misses you.
You barely miss the mummy.
The mummy is moderately damaged.
The centaur zombie hits you but does no damage.
The centaur zombie misses you.
You slash the mummy!
You destroy the mummy!
The centaur zombie misses you.
The centaur zombie completely misses you.
The killer bee zombie hits you but does no damage.
The centaur zombie closely misses you. You block the centaur zombie's attack.
You slice the centaur zombie!!
The centaur zombie is almost destroyed.
The killer bee zombie hits you but does no damage.
The centaur zombie completely misses you.
You block the centaur zombie's attack. The killer bee zombie misses you.
The centaur zombie barely misses you. The centaur zombie kicks you.
You slash the centaur zombie!
You destroy the centaur zombie!
You block the killer bee zombie's attack.
The killer bee zombie barely misses you.
The bullfrog zombie barely misses you.
The killer bee zombie closely misses you.
Your Long Blades skill increases to level 4!
You slash the bullfrog zombie!
The bullfrog zombie is moderately damaged.
The bullfrog zombie misses you.
The killer bee zombie completely misses you.
The bullfrog zombie hits you but does no damage.
You slash the mummy!
The mummy is severely damaged.
The bullfrog zombie hits you.
The bullfrog zombie hits you but does no damage.
You hit the mummy.
The mummy is almost destroyed.
The bullfrog zombie hits you.
You hit the mummy but do no damage.
The mummy is almost destroyed.
The bullfrog zombie hits you. The mummy misses you.
You slash the mummy!
The mummy is severely damaged.
The mummy hits you.
You slash the mummy!
You destroy the mummy!
The bullfrog zombie hits you. The mummy hits you but does no damage.
You slash the bullfrog zombie!
The bullfrog zombie is heavily damaged.
The bullfrog zombie hits you.
* * * LOW HITPOINT WARNING * * *
The bullfrog zombie closely misses you.
You feel better. You block the bullfrog zombie's attack. The mummy hits you.
You slash the bullfrog zombie!
The bullfrog zombie is almost destroyed.
The bullfrog zombie closely misses you. The bullfrog zombie barely misses you.
The mummy closely misses you.
You closely miss the bullfrog zombie.
The bullfrog zombie is almost destroyed.
The bullfrog zombie misses you.
You barely miss the bullfrog zombie.
The bullfrog zombie is almost destroyed.
The bullfrog zombie misses you. You block the bullfrog zombie's attack.
The mummy closely misses you.
You closely miss the bullfrog zombie.
The bullfrog zombie is almost destroyed.
The bullfrog zombie barely misses you. The mummy barely misses you.
You block the bullfrog zombie's attack.
You closely miss the bullfrog zombie.
The bullfrog zombie is almost destroyed.
The bullfrog zombie closely misses you.
You slash the bullfrog zombie!
You destroy the bullfrog zombie!
The mummy hits you!
* * * LOW HITPOINT WARNING * * *
You block the bullfrog zombie's attack.
You feel your strength returning.
Your Dodging skill increases to level 5!
It was a potion of magic.
Magic courses through your body. You block the bullfrog zombie's attack.
The mummy misses you.
You slash the bullfrog zombie!
The bullfrog zombie is almost destroyed.
The bullfrog zombie barely misses you.
A water moccasin zombie comes into view.
The bullfrog zombie hits you.
* * * LOW HITPOINT WARNING * * *
The mummy barely misses you.
Press: ? - help, v - describe, . - travel
Here: a water moccasin zombie (water) Some deep water.
Unknown command.
Unknown command.
You slash the bullfrog zombie!
You destroy the bullfrog zombie!
You barely miss the mummy.
The mummy is almost destroyed.
The water moccasin zombie bites you.
* * * LOW HITPOINT WARNING * * *
The mummy misses you.
The water moccasin zombie barely misses you.
You hit the mummy but do no damage.
The mummy is almost destroyed.
You block the water moccasin zombie's attack.
You block the mummy's attack.
You hit the mummy.
You destroy the mummy!
You block the water moccasin zombie's attack.
You block the killer bee zombie's attack.
A mummy comes into view.
The water moccasin zombie bites you.
You die...

Skill      XL: |  1  2  3  4  5  6  7 |
---------------+----------------------+-----
Fighting       | 1 2 3 |  3.3
Dodging        | 2 3 4 5 |  5.0
Stealth        | 1 2 3 |  3.3
Long Blades    | 1 2 3 4 |  4.1
Ranged Weapons | |  1.7
Spellcasting   | |  1.0
Hexes          | |  2.6

Action                     |  1- 3 |  4- 6 |  7- 9 || total
---------------------------+-------+-------+-------++-------
  Melee: Long sword        |    22 |   144 |    58 ||   224
         Dagger            |       |     5 |       ||     5
         Punch             |       |     1 |     1 ||     2
   Fire: Sling             |    95 |    83 |       ||   178
  Throw: Dart              |       |     6 |       ||     6
         Throwing net      |       |     1 |       ||     1
    Use: Scroll            |     4 |     4 |     1 ||     9
         Potion            |       |       |     7 ||     7
   Stab: Sleeping          |     1 |     7 |       ||     8
 Armour: Robe              |    10 |    29 |    38 ||    77
  Dodge: Dodged            |    43 |    83 |    86 ||   212
  Block: Other             |       |    16 |    32 ||    48
         Reflection        |       |     1 |       ||     1

Levels and vault maps discovered:
D:1:      reono_arrival_mine, layout_basic,
          dreamdust_ecumenical_altar_angels_and_demons, minmay_pentomino_s4
D:2:      kennysheep_the_goblin_king, layout_rooms, uniq_jessica, uniq_terence
D:3:      layout_rooms
D:4:      cheibrodos_greedy_goblins, layout_gridville, gammafunk_ghost_split,
          hangedman_decor_points, minmay_shop_enchanted_jewellery, minivault_19,
          uniq_ijyb
D:5:      layout_loops_cross, mainiacjoe_overflow_small_starburst,
          minmay_temple_entry_trees, nicolae_ossuary_entry_ruins,
          dreamdust_princess_bridge, uniq_blork_the_orc, uniq_pikel
Ossuary:  ossuary_zaba_flooded

Notes
Turn   | Place    | Note
-------+----------+-------------------------------------------
     0 | D:1      | scionoferis the Demigod Hexslinger began the quest for the
                  | Orb.
     0 | D:1      | Reached XP level 1. HP: 15/15 MP: 4/4
    71 | D:1      | Reached skill level 1 in Fighting
    71 | D:1      | Reached skill level 2 in Dodging
   307 | D:1      | Reached XP level 2. HP: 23/23 MP: 5/5
   705 | D:1      | You fall into a shaft and drop 1 floor!
   768 | D:2      | Reached skill level 1 in Stealth
   898 | D:2      | Reached XP level 3. HP: 28/28 MP: 6/6
   907 | D:2      | Noticed Jessica
   918 | D:2      | Noticed Terence
  1137 | D:2      | Killed Jessica
  1138 | D:2      | Reached skill level 1 in Long Blades
  1156 | D:2      | Noticed Ijyb
  1181 | D:1      | Killed Ijyb
  1182 | D:1      | Reached skill level 3 in Dodging
  1182 | D:1      | Reached XP level 4. HP: 25/36 MP: 8/8
  1460 | D:2      | Killed Terence
  1461 | D:2      | Reached skill level 2 in Fighting
  1661 | D:2      | Reached skill level 2 in Long Blades
  1739 | D:2      | Reached XP level 5. HP: 41/41 MP: 9/9
  1797 | D:3      | Identified the +3 plate armour "Zid Mai" {Will+ Dex+4}
  2280 | D:4      | Found a runed translucent gate.
  2280 | D:4      | Found a runed translucent gate.
  2281 | D:4      | Found a runed translucent gate.
  2284 | D:4      | Noticed jimonade's ghost (novice VSBr)
  2335 | D:4      | Reached skill level 2 in Stealth
  2352 | D:4      | Found Fumomeno's Jewellery Emporium.
  2847 | D:4      | Identified the +1 pair of gloves of Parsimonious Life {MP+9
                  | Str-2 Int+5}
  2931 | D:4      | Reached skill level 4 in Dodging
  2931 | D:4      | Reached XP level 6. HP: 42/50 MP: 10/10
  3104 | D:4      | Reached skill level 3 in Long Blades
  3452 | D:5      | Entered Level 5 of the Dungeon
  3554 | D:5      | Noticed Blork the orc
  3576 | D:5      | Killed Blork the orc
  3577 | D:5      | Reached skill level 3 in Fighting
  3577 | D:5      | Reached XP level 7. HP: 20/57 MP: 11/11
  3593 | D:5      | Found a sand-covered staircase.
  3604 | Ossuary  | Entered an ossuary
  3664 | Ossuary  | Reached skill level 3 in Stealth
  3713 | Ossuary  | Reached skill level 4 in Long Blades
  3727 | Ossuary  | Reached skill level 5 in Dodging
  3730 | Ossuary  | HP: 4/57 [water moccasin zombie (6)]
  3732 | Ossuary  | Slain by a water moccasin zombie

Vanquished Creatures
  Blork the orc (D:5)
  A scorpion (D:4)
  2 necrophages (D:4)
  3 centaur zombies (Ossuary)
  2 hounds (D:4)
  3 bullfrog zombies (Ossuary)
  Jessica (D:2)
  Ijyb (D:1)
  Terence (D:2)
  An orc wizard (D:5)
  5 mummies (Ossuary)
  6 gnolls (D:2 D:5)
  8 adders (D:2 D:3 D:4 D:5)
  A worm (D:4)
  5 orcs (D:4 D:5)
  8 endoplasms (D:1 D:2 D:3 D:4)
  2 giant cockroaches (D:1 D:2)
  12 hobgoblins (D:2 D:1 D:3 D:4)
  3 kobolds (D:1 D:3)
  4 quokkas (D:1 D:2 D:4)
  5 ball pythons (D:1 D:2 D:4)
  3 bats (D:1 D:3)
  5 frilled lizards (D:2 D:3)
  19 goblins (D:1 D:2 D:3 D:4)
  5 rats (D:1 D:3)
107 creatures vanquished.

Vanquished Creatures (others)
  4 withered plants (Ossuary)
4 creatures vanquished.

Grand Total: 111 creatures vanquished

Table legend: (Time is in decaauts)
 A = Elapsed time spent in this place.
 B = Non-inter-level travel time spent in this place.
 C = Inter-level travel time spent in this place.
 D = Time resting spent in this place.
 E = Time spent auto-exploring this place.
 F = Levels seen in this place.
 G = Mean time per level.
                   A        B        C        D        E       F      G
               +--------+--------+--------+--------+--------+-----+--------+
         Total |   3818 |   3722 |     96 |    427 |   2271 |   6 |  636.3 |
       Dungeon |   3671 |   3575 |     96 |    374 |   2271 |   5 |  734.2 |
       Ossuary |    147 |    147 |      0 |     53 |      0 |   1 |  147.0 |
               +--------+--------+--------+--------+--------+-----+--------+

Top non-repeatable levels by time:
     D:4: 1210 daAuts
     D:1: 1070 daAuts
     D:2: 784 daAuts
     D:3: 444 daAuts
     D:5: 161 daAuts
 Ossuary: 147 daAuts

Table legend:
 A = Non-vault XP
 B = Vault XP
 C = Vault XP percentage of total XP
 D = Non-vault monster count
 E = Vault monster count
 F = Vault count percentage of total count
                 A         B        C        D         E       F
            +---------+---------+-------+---------+---------+-------
      Total |     669 |     610 |  47.7 |      74 |      33 |  30.8
            +---------+---------+-------+---------+---------+-------
        D:1 |      27 |      39 |  59.1 |      17 |       3 |  15.0
        D:2 |      90 |      84 |  48.3 |      18 |       8 |  30.8
        D:3 |      55 |       0 |   0.0 |      12 |       0 |   0.0
        D:4 |     395 |      20 |   4.8 |      18 |      10 |  35.7
        D:5 |     102 |      94 |  48.0 |       9 |       1 |  10.0
    Ossuary |       0 |     373 | 100.0 |       0 |      11 | 100.0
            +---------+---------+-------+---------+---------+-------
